 Dungeon Crawl Stone Soup version 0.16.1-11-g651b585 (webtiles) character file.

73 Dire the Skirmisher (level 4, -7/29 HPs)
             Began as a Gargoyle Fighter on Apr 1, 2015.
             Mangled by Sigmund
             ... wielding a +0 scythe
              (9 damage)
             ... on level 2 of the Dungeon.
             The game lasted 00:03:32 (1492 turns).

Dire the Skirmisher (Gargoyle Fighter)              Turns: 1492, Time: 00:03:32

Health: -7/29      AC: 12    Str: 26    XL:     4   Next: 27%
Magic:  4/4        EV:  7    Int:  8    God:
Gold:   63         SH: 10    Dex:  9    Spells: 0 memorised, 3 levels left

rFire  . . .     SeeInvis .     a - +0 flail
rCold  . . .     Clarity  .     b - +0 scale mail
rNeg   + . .     SustAb   .     c - +0 shield
rPois  ∞         Gourm    .     j - +0 helmet
rElec  +         Spirit   .     (no cloak)
rCorr  .         Warding  .     (no gloves)
rMut   .         Stasis   .     k - +0 pair of boots
MR     .....                    (no amulet)
Stlth  ..........               (no ring)
                                (no ring)

@: mighty, not resistant to hostile enchantments, extremely unstealthy
A: negative energy resistance 1, electricity resistance, unbreathing,
petrification resistance, rot immunity, AC +3
a: no special abilities


You were on level 2 of the Dungeon.
You were not hungry.

You visited 1 branch of the dungeon, and saw 2 of its levels.

You collected 63 gold pieces.

Inventory:

Hand weapons
 a - a +0 flail (weapon)
 g - a +2 mace of draining
Armour
 b - a +0 scale mail (worn)
 c - a +0 shield (worn)
 j - a +0 helmet (worn)
 k - a +0 pair of boots (worn)
Potions
 f - a potion of curing {unknown}
 i - 2 potions of flight {unknown}
Comestibles
 d - 2 bread rations
 l - 3 fruits


   Skills:
 + Level 4.1 Fighting
 + Level 2.8 Maces & Flails
 + Level 3.7 Armour
 + Level 4.0 Shields


You had 3 spell levels left.
You didn't know any spells.

Dungeon Overview and Level Annotations

Branches:
Dungeon (2/15)

Altars:
Ru

Annotations:
D:2 Sigmund


Innate Abilities, Weirdness & Mutations

You are resistant to torment.
You are immune to poison.
Your stone body is very resilient (AC +3).
You resist negative energy.
You are resistant to electric shocks.
You can survive without breathing.
You are immune to petrification.
You are immune to rotting.


Message History

The magic dart hits you!
* * * LOW HITPOINT WARNING * * *
Your shield and scale mail prevent you from hitting Sigmund.
Sigmund is moderately wounded.
Sigmund misses you. You block the kobold's attack. Sigmund barely misses you.
You barely miss Sigmund.
Sigmund is moderately wounded.
The kobold barely misses you. Sigmund barely misses you. The kobold misses you.
You hit Sigmund.
Sigmund is heavily wounded.
Sigmund giggles. "Time to reap what you sow."
You block Sigmund's attack. The kobold hits you but does no damage.
You hit Sigmund but do no damage.
Sigmund is heavily wounded.
You block Sigmund's attack. x2
The kobold barely misses you.
You barely miss Sigmund.
Sigmund is heavily wounded.
Sigmund hits you with a scythe!
You die...

## #^ . ####
.# #P #.. ....
#... #P ....#
..# ..# #P
#.......... #.
#....#.#.###
###
#...@.Ks#.#
#.# #@###.#
#.[ #)....#
#####
#####.#####
#.... #.....#
#.###
#..#####.....#
#.#..
#......'.....#
#.#..
#.######.....#
#.### #.....#
#.... #....)#
#####


You could see Sigmund, a giant cockroach and a kobold.

Vanquished Creatures
  Robin (D:2)
  2 adders (D:2)
  A giant mite (D:2)
  A giant gecko (D:1)
  An ooze (D:2)
  7 bats
  3 hobgoblins (D:2)
  4 jackals
  A giant gecko zombie (D:1)
  7 goblins
  5 kobolds
  A quokka zombie (D:1)
  4 rats (D:1)
38 creatures vanquished.

Notes
Turn   | Place    | Note
--------------------------------------------------------------
     0 | D:1      | Dire, the Gargoyle Fighter, began the quest for the Orb.
     0 | D:1      | Reached XP level 1. HP: 14/14 MP: 1/1
   154 | D:1      | Reached XP level 2. HP: 19/19 MP: 2/2
   684 | D:2      | Noticed Robin
   706 | D:2      | Killed Robin
   706 | D:2      | Reached XP level 3. HP: 10/24 MP: 3/3
  1081 | D:2      | Reached XP level 4. HP: 26/29 MP: 4/4
  1212 | D:2      | Found a sacrificial altar of Ru.
  1448 | D:2      | Reached skill level 4 in Fighting
  1479 | D:2      | Noticed Sigmund
  1487 | D:2      | HP: 1/29 [Sigmund/magic dart (6)]
  1492 | D:2      | Mangled by Sigmund

Action                   |  1- 3 |  4- 6 || total
-------------------------+-------+-------++-------
Melee: Flail             |   126 |    47 ||   173
  Use: Potion            |       |     1 ||     1
 Stab: Distracted        |       |     1 ||     1
  Eat: Chunk             |     1 |     1 ||     2
